 Dungeon Crawl Stone Soup version 0.17.0 (webtiles) character file.

2174 Eucla the Grappler (level 9, -1/88 HPs)
             Began as a Troll Monk on Nov 10, 2015.
             Was a Believer of Makhleb.
             Slain by an unseen horror (6 damage)
             ... on level 7 of the Dungeon.
             The game lasted 00:09:11 (4821 turns).

Eucla the Grappler (Troll Monk)                     Turns: 4821, Time: 00:09:12

Health: -1/88      AC:  6    Str: 26    XL:     9   Next: 11%
Magic:  8/8        EV: 13    Int:  7    God:    Makhleb [**....]
Gold:   350        SH:  0    Dex: 16    Spells: 1 memorised, 6 levels left

rFire  . . .     SeeInvis .       - Unarmed
rCold  . . .     Clarity  .     a - +1 robe
rNeg   . . .     SustAt   .     (no shield)
rPois  .         Gourm    +     (helmet restricted)
rElec  .         Spirit   .     (no cloak)
rCorr  .         Warding  .     (gloves unavailable)
rMut   .         Stasis   .     (boots unavailable)
MR     .....                    (no amulet)
Stlth  +.........               o - +2 ring of dexterity
                                h - ring of loudness

@: mighty, not resistant to hostile enchantments, very unstealthy
A: unfitting armour, claws 3, fast metabolism 3, gourmand, regeneration 2,
shaggy fur 1, tough skin 2
a: Minor Destruction, Renounce Religion


You were on level 7 of the Dungeon.
You worshipped Makhleb.
Makhleb was pleased with you.
You were completely stuffed.

You visited 2 branches of the dungeon, and saw 8 of its levels.
You also visited: Ossuary.

You collected 350 gold pieces.

Inventory:

Armour
 a - a +1 robe (worn)
Jewellery
 h - a ring of loudness (left claw)
 o - a +2 ring of dexterity (right claw)
Wands
 q - a wand of disintegration (9)
Scrolls
 c - a scroll of enchant armour
 e - 6 scrolls of remove curse
 k - 4 scrolls of random uselessness
 m - 2 scrolls of enchant weapon
 n - a scroll of teleportation
 p - 2 scrolls of amnesia
 s - a scroll of blinking
 t - a scroll of fear
Potions
 f - a potion of resistance
 g - 2 potions of curing
 j - a potion of brilliance
 l - a potion of mutation
 u - a potion of degeneration
 w - 2 potions of flight {unknown}
 z - a potion of lignification {unknown}
Books
 d - a book of the Sky

   Spells                             Type                      Level
   a - Summon Lightning Spire         Summoning/Air                4
   b - Airstrike                      Air                          4
   c - Silence                        Hexes/Air                    5
   d - Deflect Missiles               Charms/Air                   6
   e - Conjure Ball Lightning         Conjuration/Air              6
   f - Tornado                        Air                          9
 r - a book of Burglary

   Spells                             Type                      Level
   a - Swiftness                      Charms/Air                   2
   b - Passwall                       Transmutation/Earth          3
   c - Passage of Golubria            Translocation                4
   d - Lee's Rapid Deconstruction     Earth                        5
   e - Darkness                       Hexes                        6
   f - Invisibility                   Hexes                        6
Comestibles
 b - 5 bread rations
 i - a meat ration
 x - a beef jerky


   Skills:
 + Level 5.4 Fighting
 + Level 5.4 Dodging
 - Level 1.1 Stealth
 * Level 9.3 Unarmed Combat
 + Level 1.5 Air Magic


You had 6 spell levels left.
You knew the following spells:

 Your Spells              Type           Power        Failure   Level  Hunger
a - Swiftness             Chrm/Air       #.......     61%         2    ###....


Dungeon Overview and Level Annotations

Branches:
Dungeon (7/15)             Temple (1/1) D:5

Altars:
Ashenzari
Dithmenos
Elyvilon
Makhleb
Nemelex Xobeh
Okawaru
Ru
Sif Muna
Trog
Vehumet
Yredelemnul
Zin
The Shining One


Innate Abilities, Weirdness & Mutations

You are too large for most types of armour.
You have claws for hands.
Your metabolism is lightning-fast.
You like to eat raw meat.
You heal very quickly.
You are covered in fur (AC +1).
You have very tough skin (AC +2).


Message History

Something hits you! Something hits you! Something hits you.
Drink which item? (? for menu, Esc to quit)
You feel very mighty all of a sudden. Something hits you.
Something hits you but does no damage. Something hits you but does no damage.
Something completely misses you. Something hits you.
Something hits you but does no damage. Something hits you!
* * * LOW HITPOINT WARNING * * *
You claw something! Your claw misses something. Something hits you.
* * * LOW HITPOINT WARNING * * *
Something hits you!
* * * LOW HITPOINT WARNING * * *
You scratch something. Something hits you!
* * * LOW HITPOINT WARNING * * *
Something hits you but does no damage. Something barely misses you.
Something hits you.
You die...

♣♣♣..†..♣♣♣
♣....♣♣♣♣
♣♣..♣♣♣ ♣
♣..♣♣ ♣♣
♣♣..♣♣♣♣ ♣.
♣♣....♣ ♣♣
♣♣♣♣♣
♣...♣♣♣ ♣♣.
♣...♣♣♣...♣
♣.♣
♣..@...♣♣
♣♣..
♣♣♣♣♣♣♣♣
♣♣♣..♣
♣...♣♣
♣.♣♣♣ #.#
#.# #.#
#.####
#.....


There were no monsters in sight!

Vanquished Creatures
  Pikel (D:6)
  The ghost of Demise the Cudgeler, a novice DgWr (D:5)
  An ice beast (D:4)
  2 centaurs
  3 ogres
  A slave (D:6)
  An elf zombie (Ossuary)
  A giant frog (D:6)
  A crimson imp (D:5)
  A jelly (D:5)
  A giant frog zombie (D:6)
  A giant frog skeleton (D:5)
  A human zombie (Ossuary)
  A centaur skeleton (D:4)
  2 hounds
  2 orc priests (D:3)
  2 worker ants
  3 iguanas (D:7)
  A big kobold zombie (Ossuary)
  4 mummies (Ossuary)
  A hound skeleton (D:4)
  Robin (D:2)
  9 adders
  An adder zombie (Ossuary)
  2 worms
  6 giant geckos
  14 orcs
  A ball python (D:1)
  6 bats
  7 giant cockroaches
  A gnoll zombie (Ossuary)
  7 hobgoblins
  17 jackals
  13 kobolds
  3 giant newts
  16 goblins
  A goblin zombie (Ossuary)
  A jackal zombie (D:5)
  2 kobold zombies (Ossuary)
  A quokka (D:6)
  8 rats
  4 rat zombies (Ossuary)
153 creatures vanquished.

Vanquished Creatures (others)
  A plant (D:1)
1 creature vanquished.

Grand Total: 154 creatures vanquished

Notes
Turn   | Place    | Note
--------------------------------------------------------------
     0 | D:1      | Eucla the Troll Monk began the quest for the Orb.
     0 | D:1      | Reached XP level 1. HP: 22/22 MP: 0/0
   140 | D:1      | Reached XP level 2. HP: 29/29 MP: 1/1
   511 | D:1      | Reached XP level 3. HP: 33/36 MP: 2/2
   629 | D:2      | Found a basalt altar of Yredelemnul.
   741 | D:2      | Noticed Robin
   756 | D:2      | Reached XP level 4. HP: 30/45 MP: 3/3
   779 | D:2      | Reached skill level 5 in Unarmed Combat
   784 | D:2      | Killed Robin
  1205 | D:3      | Reached XP level 5. HP: 37/53 MP: 4/4
  1881 | D:3      | Noticed an ogre
  1889 | D:3      | Killed an ogre
  1889 | D:3      | Reached skill level 6 in Unarmed Combat
  1889 | D:3      | Reached XP level 6. HP: 28/61 MP: 5/5
  2129 | D:3      | Found a bloodstained altar of Trog.
  2130 | D:3      | Found a radiant altar of Vehumet.
  2209 | D:3      | Noticed a centaur
  2219 | D:3      | Killed a centaur
  2340 | D:4      | Reached XP level 7. HP: 68/68 MP: 6/6
  2839 | D:4      | Found a deep blue altar of Sif Muna.
  2864 | D:5      | Entered Level 5 of the Dungeon
  2982 | D:5      | Noticed Demise's ghost (novice DgWr)
  2982 | D:5      | Found a white marble altar of Elyvilon.
  3015 | D:5      | Killed Demise's ghost
  3015 | D:5      | Reached skill level 7 in Unarmed Combat
  3143 | D:5      | Reached XP level 8. HP: 76/79 MP: 7/7
  3497 | D:5      | Found a staircase to the Ecumenical Temple.
  3504 | Temple   | Entered the Ecumenical Temple
  3567 | Temple   | Became a worshipper of Makhleb the Destroyer
  3567 | Temple   | Reached * piety under Makhleb
  3567 | Temple   | Reached ** piety under Makhleb
  3799 | D:6      | Reached skill level 8 in Unarmed Combat
  3810 | D:6      | Found an iron altar of Okawaru.
  3920 | D:6      | Found a sand-covered staircase.
  3928 | Ossuary  | Entered an ossuary
  4119 | Ossuary  | Learned a level 2 spell: Swiftness
  4478 | D:6      | Noticed Pikel
  4497 | D:6      | Killed Pikel
  4497 | D:6      | Reached skill level 5 in Fighting
  4497 | D:6      | Reached skill level 5 in Dodging
  4497 | D:6      | Reached skill level 9 in Unarmed Combat
  4497 | D:6      | Reached skill level 1 in Air Magic
  4641 | D:7      | Reached XP level 9. HP: 42/88 MP: 8/8
  4820 | D:7      | HP: 4/88 [something (8)]
  4821 | D:7      | Slain by an unseen horror

Action                   |  1- 3 |  4- 6 |  7- 9 || total
-------------------------+-------+-------+-------++-------
Melee: Unarmed           |   112 |   173 |   171 ||   456
Invok: Minor Destruction |       |       |     1 ||     1
  Use: Potion            |       |     2 |     2 ||     4
       Scroll            |       |       |    15 ||    15
  Eat: Chunk             |    10 |     9 |    12 ||    31
       Meat ration       |       |     1 |     1 ||     2
       Bread ration      |       |       |     2 ||     2
